PA
HOGSMEADE CAULDRONS @ GWINNETT COUNTY BLACK CATS
09/02/2028
 
TOP OF THE 1ST
Hogsmeade Cauldrons batting - Pitching for Gwinnett County Black Cats : RHP Rich Choquette
Pitching: RHP Rich Choquette
Batting: RHB Robinson Barquero 0-0: Called Strike
0-1: Foul Ball, location: 2F
0-2: Strikes out swinging
Batting: RHB Javier López 0-0: Called Strike
0-1: Swinging Strike
0-2: Ball
1-2: Strikes out swinging
Batting: LHB Donatas Montiejunas 0-0: Ball
1-0: Ball
2-0: Ball
3-0: Called Strike
3-1: Foul Ball, location: 2F
3-2: Fly out, F8 (Flyball, 8LM)
Top of the 1st over - 0 run(s), 0 hit(s), 0 error(s), 0 left on base; Hogsmeade 0 - Gwinnett County 0
BOTTOM OF THE 1ST
Gwinnett County Black Cats batting - Pitching for Hogsmeade Cauldrons : RHP William Fothergill
Pitching: RHP William Fothergill
Batting: RHB Sidney Mackell 0-0: Ball
1-0: Ball
2-0: Called Strike
2-1: Foul Ball, location: 2F
2-2: Foul Ball, location: 2F
2-2: Foul Ball, location: 2F
2-2: Fly out, F7 (Flyball, 78M)
Batting: SHB Raúl Rodríguez 0-0: Called Strike
0-1: Ball
1-1: Called Strike
1-2: Fly out, F9 (Flyball, 9D)
Batting: RHB Juan Pedraza 0-0: Ball
1-0: Ground out 3-1 (Groundball, 34)
Bottom of the 1st over - 0 run(s), 0 hit(s), 0 error(s), 0 left on base; Hogsmeade 0 - Gwinnett County 0
TOP OF THE 2ND
Hogsmeade Cauldrons batting - Pitching for Gwinnett County Black Cats : RHP Rich Choquette
Batting: RHB Lu Tsai 0-0: Swinging Strike
0-1: Foul Ball, location: 2F
0-2: Strikes out looking
Batting: LHB Gustavo Valéncia 0-0: Fly out, F8 (Flyball, 8LM)
Batting: RHB Bob Petiet 0-0: Ball
1-0: Called Strike
1-1: Foul Ball, location: 2F
1-2: Foul Ball, location: 2F
1-2: Foul Ball, location: 2F
1-2: Foul Ball, location: 2F
1-2: Foul Ball, location: 2F
1-2: Hit by Pitch
Batting: SHB Matt Hooper 0-0: Foul Ball, location: 2F
0-1: Swinging Strike
0-2: Foul Ball, location: 2F
0-2: Strikes out swinging
Top of the 2nd over - 0 run(s), 0 hit(s), 0 error(s), 1 left on base; Hogsmeade 0 - Gwinnett County 0
BOTTOM OF THE 2ND
Gwinnett County Black Cats batting - Pitching for Hogsmeade Cauldrons : RHP William Fothergill
Batting: RHB Matt Jeong 0-0: Foul Ball, location: 2F
0-1: Called Strike
0-2: Fly out, F9 (Flyball, 9LMF)
Batting: LHB Víctor Sánchez 0-0: Called Strike
0-1: Called Strike
0-2: Ball
1-2: Strikes out swinging
Batting: SHB Júlio González 0-0: Ball
1-0: Called Strike
1-1: Called Strike
1-2: Ground out U3 (Groundball, 3L)
Bottom of the 2nd over - 0 run(s), 0 hit(s), 0 error(s), 0 left on base; Hogsmeade 0 - Gwinnett County 0
TOP OF THE 3RD
Hogsmeade Cauldrons batting - Pitching for Gwinnett County Black Cats : RHP Rich Choquette
Batting: RHB Mariano Saelices 0-0: SINGLE (Line Drive, 8LS)
Batting: RHB César Ramos 0-0: Foul Ball, location: 2F
0-1: Ground out 6-3 (Groundball, 6S)
Mariano Saelices to second
Batting: RHB Robinson Barquero 0-0: Ball
1-0: Foul Ball, location: 2F
1-1: Foul Ball, location: 2F
1-2: Ball
2-2: Strikes out looking
Batting: RHB Javier López 0-0: Ball
1-0: Called Strike
1-1: Fly out, F4 (Popup, 34D)
Top of the 3rd over - 0 run(s), 1 hit(s), 0 error(s), 1 left on base; Hogsmeade 0 - Gwinnett County 0
BOTTOM OF THE 3RD
Gwinnett County Black Cats batting - Pitching for Hogsmeade Cauldrons : RHP William Fothergill
Batting: LHB Marvello Obra 0-0: Reached on error, E3 (Groundball, 3)
Batting: RHB Chang-lit Min 0-0: Ball
1-0: Fly out, F8 (Flyball, 8RD)
Batting: RHB Kauna Aleferede 0-0: Ball
1-0: Ball
2-0: Foul Ball, location: 2F
2-1: Foul Ball, location: 2F
2-2: Ball
3-2: Strikes out swinging
Batting: RHB Sidney Mackell 0-0: Ball
1-0: Called Strike
1-1: Ball
2-1: Fly out, F9 (Flyball, 89M)
Bottom of the 3rd over - 0 run(s), 0 hit(s), 1 error(s), 1 left on base; Hogsmeade 0 - Gwinnett County 0
TOP OF THE 4TH
Hogsmeade Cauldrons batting - Pitching for Gwinnett County Black Cats : RHP Rich Choquette
Batting: LHB Donatas Montiejunas 0-0: Foul Ball, location: 2F
0-1: Ball
1-1: Swinging Strike
1-2: Ball
2-2: Ball
3-2: Fly out, F7 (Line Drive, 7)
Batting: RHB Lu Tsai 0-0: Ball
1-0: Swinging Strike
1-1: Called Strike
1-2: Foul Ball, location: 2F
1-2: Ball
2-2: Strikes out swinging
Batting: LHB Gustavo Valéncia 0-0: Ball
1-0: Ground out 4-3 (Groundball, 4M)
Top of the 4th over - 0 run(s), 0 hit(s), 0 error(s), 0 left on base; Hogsmeade 0 - Gwinnett County 0
BOTTOM OF THE 4TH
Gwinnett County Black Cats batting - Pitching for Hogsmeade Cauldrons : RHP William Fothergill
Batting: SHB Raúl Rodríguez 0-0: Ball
1-0: Ball
2-0: Called Strike
2-1: Swinging Strike
2-2: Strikes out swinging
Batting: RHB Juan Pedraza 0-0: Ground out 6-3 (Groundball, 56)
Batting: RHB Matt Jeong 0-0: Ball
1-0: Fly out, F9 (Flyball, 9S)
Bottom of the 4th over - 0 run(s), 0 hit(s), 0 error(s), 0 left on base; Hogsmeade 0 - Gwinnett County 0
TOP OF THE 5TH
Hogsmeade Cauldrons batting - Pitching for Gwinnett County Black Cats : RHP Rich Choquette
Batting: RHB Bob Petiet 0-0: Ground out 5-3 (Groundball, 5S)
Batting: SHB Matt Hooper 0-0: Ball
1-0: Ball
2-0: Ball
3-0: Base on Balls
Batting: RHB Mariano Saelices 0-0: Called Strike
0-1: Ball
1-1: Foul Ball, location: 2F
1-2: SINGLE (Line Drive, 8LS)
Matt Hooper to second
Batting: RHB César Ramos 0-0: Ball
1-0: Called Strike
1-1: Foul Ball, location: 2F
1-2: Ball
2-2: Strikes out swinging
Batting: RHB Robinson Barquero 0-0: Foul Ball, location: 2F
0-1: Fly out, F7 (Flyball, 78S)
Top of the 5th over - 0 run(s), 1 hit(s), 0 error(s), 2 left on base; Hogsmeade 0 - Gwinnett County 0
BOTTOM OF THE 5TH
Gwinnett County Black Cats batting - Pitching for Hogsmeade Cauldrons : RHP William Fothergill
Batting: LHB Víctor Sánchez 0-0: Foul Ball, location: 2F
0-1: Ball
1-1: Foul Ball, location: 2F
1-2: Strikes out swinging
Batting: SHB Júlio González 0-0: Ball
1-0: Foul Ball, location: 2F
1-1: TRIPLE (Flyball, 8RS)
Batting: LHB Marvello Obra 0-0: Ball
1-0: Foul Ball, location: 2F
1-1: SINGLE (Groundball, 34D)
Júlio González scores
Batting: RHB Chang-lit Min 0-0: Ball
1-0: Foul Ball, location: 2F
1-1: Foul Ball, location: 2F
1-2: Ball
2-2: Fielders Choice at 2nd, 4-6 (Groundball, 4D)
Batting: RHB Kauna Aleferede 0-0: Ball
1-0: Called Strike
1-1: Foul Ball, location: 2F
1-2: Foul Ball, location: 2F
1-2: Foul Ball, location: 2F
1-2: Strikes out swinging
Bottom of the 5th over - 1 run(s), 2 hit(s), 0 error(s), 1 left on base; Hogsmeade 0 - Gwinnett County 1
TOP OF THE 6TH
Hogsmeade Cauldrons batting - Pitching for Gwinnett County Black Cats : RHP Rich Choquette
Batting: RHB Javier López 0-0: Swinging Strike
0-1: Ground out 4-3 (Groundball, 4)
Batting: LHB Donatas Montiejunas 0-0: Swinging Strike
0-1: Ball
1-1: Called Strike
1-2: Ball
2-2: Foul Ball, location: 2F
2-2: SINGLE (Groundball, 34D)
Batting: RHB Lu Tsai 0-0: Swinging Strike
0-1: Swinging Strike
0-2: Ball
1-2: Foul Ball, location: 2F
1-2: SINGLE (Groundball, 6) (infield hit)
Donatas Montiejunas to second
Pinch Runner at 1st Cody Skillings:
Batting: LHB Gustavo Valéncia 0-0: Ball
1-0: Ball
2-0: Fly out, F3 (Line Drive, 34)
Batting: RHB Bob Petiet 0-0: Ball
1-0: Foul Ball, location: 2F
1-1: Fielders Choice at 2nd, 6-4 (Groundball, 56)
Top of the 6th over - 0 run(s), 2 hit(s), 0 error(s), 1 left on base; Hogsmeade 0 - Gwinnett County 1
BOTTOM OF THE 6TH
Gwinnett County Black Cats batting - Pitching for Hogsmeade Cauldrons : RHP William Fothergill
Now at 2B: Cody Skillings
Batting: RHB Sidney Mackell 0-0: Ball
1-0: Called Strike
1-1: Ball
2-1: Ball
3-1: Called Strike
3-2: Foul Ball, location: 2F
3-2: Strikes out swinging
Batting: SHB Raúl Rodríguez 0-0: Ball
1-0: Fly out, F7 (Line Drive, 7)
Batting: RHB Juan Pedraza 0-0: Ball
1-0: Ball
2-0: Ground out 5-3 (Groundball, 5L)
Bottom of the 6th over - 0 run(s), 0 hit(s), 0 error(s), 0 left on base; Hogsmeade 0 - Gwinnett County 1
TOP OF THE 7TH
Hogsmeade Cauldrons batting - Pitching for Gwinnett County Black Cats : RHP Rich Choquette
Batting: SHB Matt Hooper 0-0: Ball
1-0: Ball
2-0: Ball
3-0: Called Strike
3-1: Ground out 1-3 (Groundball, P)
Batting: RHB Mariano Saelices 0-0: Ball
1-0: Ball
2-0: Ball
3-0: Called Strike
3-1: Fly out, F9 (Flyball, 9S)
Batting: RHB César Ramos 0-0: Swinging Strike
0-1: Ball
1-1: Ball
2-1: Ball
3-1: Called Strike
3-2: Base on Balls
Pitching: RHP Francisco Medrano
Batting: RHB Robinson Barquero 0-0: Called Strike
0-1: Called Strike
0-2: Strikes out swinging
Top of the 7th over - 0 run(s), 0 hit(s), 0 error(s), 1 left on base; Hogsmeade 0 - Gwinnett County 1
BOTTOM OF THE 7TH
Gwinnett County Black Cats batting - Pitching for Hogsmeade Cauldrons : RHP William Fothergill
Batting: RHB Matt Jeong 0-0: Ball
1-0: Ball
2-0: Called Strike
2-1: Called Strike
2-2: Foul Ball, location: 2F
2-2: Ball
3-2: Foul Ball, location: 2F
3-2: Strikes out swinging
Batting: LHB Víctor Sánchez 0-0: Foul Ball, location: 2F
0-1: SINGLE (Groundball, 34) (infield hit)
Pitching: RHP Kenny McCulley
Pinch Hitting: LHB Edgardo De Jesús 0-0: Called Strike
0-1: Swinging Strike
0-2: Foul Ball, location: 2F
0-2: Foul Ball, location: 2F
0-2: DOUBLE (Groundball, 3L)
Víctor Sánchez to third
Pinch Hitting: LHB Pedro Castro 0-0: Intentional Walk
Batting: RHB Chang-lit Min 0-0: Foul Ball, location: 2F
0-1: Ball
1-1: Called Strike
1-2: Ball
2-2: SINGLE (Groundball, 4M)
Víctor Sánchez scores
Edgardo De Jesús to third
Pedro Castro to second
Runner from 3rd tries for Home, throw and OUT!
Pedro Castro to third
Chang-lit Min to second
Batting: RHB Kauna Aleferede 0-0: Ground out 4-3 (Groundball, 4)
Bottom of the 7th over - 1 run(s), 3 hit(s), 0 error(s), 2 left on base; Hogsmeade 0 - Gwinnett County 2
TOP OF THE 8TH
Hogsmeade Cauldrons batting - Pitching for Gwinnett County Black Cats : RHP Francisco Medrano
Now at 1B: Rikky van Opel
Now in RF: Edgardo De Jesús
Batting: RHB Javier López 0-0: SINGLE (Flyball, 9LS)
Pitching: RHP Sonny Rubalcaba
Batting: LHB Donatas Montiejunas 0-0: Ball
1-0: Ball
2-0: Fielders Choice at 2nd, 4-6 (Groundball, 4)
Batting: RHB Cody Skillings 0-0: Grounds into double play, 5-4-3 (Groundball, 5)
Top of the 8th over - 0 run(s), 1 hit(s), 0 error(s), 0 left on base; Hogsmeade 0 - Gwinnett County 2
BOTTOM OF THE 8TH
Gwinnett County Black Cats batting - Pitching for Hogsmeade Cauldrons : RHP Kenny McCulley
Batting: RHB Sidney Mackell 0-0: Fly out, F8 (Flyball, 8RS)
Batting: SHB Raúl Rodríguez 0-0: Ball
1-0: Ball
2-0: Ball
3-0: Base on Balls
Batting: RHB Juan Pedraza 0-0: Ball
1-0: Ball
2-0: Ball
3-0: Base on Balls
Raúl Rodríguez to second
Batting: RHB Matt Jeong 0-0: Called Strike
0-1: 3-RUN HOME RUN (Flyball, 7LD), Distance : 361 ft
Pitching: LHP António Padrón
Batting: LHB Víctor Sánchez 0-0: Ball
1-0: Ball
2-0: Ball
3-0: Base on Balls
Batting: LHB Edgardo De Jesús 0-0: Called Strike
0-1: Fielders Choice at 2nd, 1-6 (Groundball, P)
Batting: RHB Rikky van Opel 0-0: Fielders Choice at 2nd, 5-4 (Groundball, 5)
Bottom of the 8th over - 3 run(s), 1 hit(s), 0 error(s), 0 left on base; Hogsmeade 0 - Gwinnett County 5
TOP OF THE 9TH
Hogsmeade Cauldrons batting - Pitching for Gwinnett County Black Cats : RHP Sonny Rubalcaba
Batting: LHB Gustavo Valéncia 0-0: Fly out, F9 (Flyball, 9)
Batting: RHB Bob Petiet 0-0: Called Strike
0-1: Called Strike
0-2: Strikes out swinging
Batting: SHB Matt Hooper 0-0: Called Strike
0-1: Foul Ball, location: 2F
0-2: Foul Ball, location: 2F
0-2: Foul Ball, location: 2F
0-2: Ball
1-2: Foul Ball, location: 2F
1-2: Ball
2-2: Foul Ball, location: 2F
2-2: SINGLE (Groundball, 25) (infield hit)
Batting: RHB Mariano Saelices 0-0: Swinging Strike
0-1: Fly out, F4 (Popup, 4D)
Top of the 9th over - 0 run(s), 1 hit(s), 0 error(s), 1 left on base; Hogsmeade 0 - Gwinnett County 5
Thursday, August 31st, 2017 - OOTP Baseball 17.12 Build 75